Map: Prion Terraces

Players

Yui

  • Race: Terran Terran
  • League: Diamond

MorN - Winner!

  • Race: Terran Terran
  • League: Master

VOD

Have the link to the VOD?

Description

Time

  • Played on: Nov. 18, 2015, 5:58 p.m.
  • Length: 3:54
Show
View Real Time Build Order
Export as new Build Order

Yui Terran 

Build Orders:  

Get SALT Encoding   

  12  0:01  SCV  
  13  0:13  SCV  
  14  0:24  Supply Depot  
  14  0:25  SCV  
  15  0:46  SCV  
  15  0:48  Barracks  
  16  0:58  SCV  
  17  1:10  SCV  
  18  1:22  SCV  
  19  1:26  Command Center  
  19  1:34  Marine  
  19  1:36  Orbital Command  
  20  1:44  Supply Depot  
  20  1:52  Marine  
  21  2:01  Refinery  
  21  2:02  SCV  
  21  2:04  Refinery  
  22  2:10  Marine  
  22  2:16  SCV, Barracks  
  23  2:28  SCV  
  24  2:30  Marine  
  25  2:43  Orbital Command  
  25  2:48  Marine  
  27  2:51  SCV  
  27  2:59  Factory  
  27  3:03  Barracks Reactor  
  27  3:04  Supply Depot  
  27  3:06  Marine  
  27  3:12  SCV  
  27  3:18  SCV  
  26  3:24  SCV  
  27  3:27  Marine  
  27  3:30  SCV  
  26  3:37  SCV  
Show
View Real Time Build Order
Export as new Build Order

MorN Terran - Winner!

Build Orders: 1/1/1 

Get SALT Encoding   

  12  0:00  SCV  
  13  0:13  SCV  
  14  0:17  Supply Depot  
  14  0:25  SCV  
  14  0:27  Refinery  
  15  0:43  Barracks  
  15  0:45  SCV  
  16  0:57  SCV  
  16  1:01  Refinery  
  17  1:10  SCV  
  18  1:22  SCV  
  19  1:31  Reaper  
  20  1:37  Factory  
  20  1:42  Orbital Command  
  20  1:48  Supply Depot  
  19  2:03  Reaper  
  20  2:17  SCV  
  20  2:22  Starport  
  21  2:24  Hellion  
  23  2:35  Barracks Tech Lab  
  23  2:44  SCV  
  23  2:46  Hellion  
  23  2:50  Supply Depot  
  26  2:56  SCV  
  27  3:04  Barracks Tech Lab  
  27  3:09  Hellion  
  29  3:18  SCV  
  30  3:25  Marine  
Tags
 
Matchup
TvT
Opening
1/1/1
Race
Terran
Replay Pack
MorN pack 2
Add a new tag
Caveats
  • Supply blocks, unpowered buildings, or Contaminate may cause inaccurate times.
  • Supply counts are checked every 10 seconds.